 Dungeon Crawl Stone Soup version 0.25-a0-42-g6c54e25894 (webtiles) character file.

Game seed: 18165858357616094088, levelgen mode: deterministic

45817 GottaGoFast the Cleaver (level 14, -5/129 HPs)
             Began as a Deep Dwarf Fighter on Oct 22, 2019.
             Was a High Priest of Makhleb.
             Killed from afar by a shock serpent (13 damage)
             ... with a bolt of electricity
             ... on level 4 of the Snake Pit.
             The game lasted 00:15:57 (10366 turns).

GottaGoFast the Cleaver (Deep Dwarf Fighter)       Turns: 10366, Time: 00:15:57

Health: -5/129     AC: 26    Str: 24    XL:     14   Next: 2%
Magic:  13/13      EV:  7    Int: 15    God:    Makhleb [*****.]
Gold:   1372       SH: 17    Dex: 12    Spells: 13/13 levels left

rFire    . . .     SeeInvis .   b - +3 broad axe "Dojappy" {elec, rPois}
rCold    . . .     Gourm    .   c - +0 shield
rNeg     + . .     Faith    .   D - +0 crystal plate armour
rPois    +         Spirit   .   r - +2 hat
rElec    .         Reflect  +   p - +1 cloak
rCorr    +         Harm     .   (no gloves)
MR       ++...                  (no boots)
Stlth    ..........             C - +4 amulet of reflection
HPRegen  0.00/turn              z - ring of resist corrosion
MPRegen  0.13/turn              j - +3 ring of evasion

@: brilliant, non-regenerating
A: damage resistance, heal wounds, negative energy resistance 1, sense
surroundings 2, no regeneration
a: Heal Wounds, Minor Destruction, Lesser Servant of Makhleb, Major Destruction,
Greater Servant of Makhleb, Renounce Religion


You were on level 4 of the Snake Pit.
You worshipped Makhleb.
Makhleb was extremely pleased with you.
You were not hungry.

You visited 4 branches of the dungeon, and saw 19 of its levels.
You also visited: Bailey.

You collected 1372 gold pieces.

Inventory:

Hand Weapons
 b - the +3 broad axe "Dojappy" (weapon) {elec, rPois}
   (You found it on level 3 of the Lair of Beasts)

   Occasionally, upon striking a foe, it will discharge some electrical energy
   and cause terrible harm.
   It protects you from poison.
Missiles
 B - 8 throwing nets (quivered)
Armour
 c - a +0 shield (worn)
 g - a +1 ring mail of cold resistance
 p - a +1 cloak (worn)
 r - a +2 hat (worn)
 D - a +0 crystal plate armour (worn)
 R - a +2 helmet
Jewellery
 j - a +3 ring of evasion (right hand)
 u - an uncursed ring of protection from fire
 v - an uncursed ring of poison resistance
 z - a ring of resist corrosion (left hand)
 C - a +4 amulet of reflection (around neck)
 K - an uncursed amulet of the gourmand {unknown}
Wands
 E - a wand of digging (4)
 F - a wand of clouds (4)
Scrolls
 i - 2 scrolls of immolation
 l - 2 scrolls of enchant weapon
 n - 13 scrolls of remove curse {@r2}
 o - 17 scrolls of teleportation {@r3}
 y - 2 scrolls of magic mapping
 G - 2 scrolls of fear
 H - a scroll of holy word {unknown}
 I - a scroll of blinking {@r4}
 M - a scroll of brand weapon {unknown}
 N - a scroll of noise {unknown}
 Q - a scroll of identify {@r1}
Potions
 a - 4 potions of lignification
 d - 3 potions of might {@q4}
 e - 3 potions of curing {@q1}
 h - a potion of ambrosia
 k - a potion of mutation
 m - a potion of agility {@q5}
 q - a potion of haste {@q3}
 s - 2 potions of flight
 t - a potion of magic {unknown}
 w - 2 potions of invisibility
 x - 3 potions of heal wounds {@q2}
 J - a potion of resistance {unknown}
 L - a potion of cancellation {unknown}
 O - a potion of brilliance
Comestibles
 f - 30 rations


   Skills:
 + Level 9.6 Fighting
 * Level 14.9 Axes
 * Level 13.0 Armour
 + Level 11.3 Shields
 + Level 11.5 Invocations


You had 13 spell levels left.
You didn't know any spells.
Your spell library contained the following spells:

 Spells                   Type           Power        Failure   Level  Hunger
 Confusing Touch          Hex            #.....       77%         1    ##.....
 Infusion                 Chrm           #...         77%         1    ##.....
 Magic Dart               Conj           #...         77%         1    ##.....
 Blink                    Tloc           N/A          86%         2    ###....
 Call Imp                 Summ           #.......     86%         2    ###....
 Shroud of Golubria       Chrm/Tloc      #.....       86%         2    ###....
 Slow                     Hex            #.......     86%         2    ###....
 Song of Slaying          Chrm           #.......     86%         2    ###....
 Swiftness                Chrm/Air       #.......     86%         2    ###....
 Confuse                  Hex            #.......     97%         3    ####...
 Conjure Flame            Conj/Fire      #.......     97%         3    ####...
 Gell's Gravitas          Tloc           #.........   97%         3    ####...
 Mephitic Cloud           Conj/Pois/Air  #.......     97%         3    ####...
 Spectral Weapon          Hex/Chrm       #.......     97%         3    ####...
 Summon Guardian Golem    Hex/Summ       #.......     97%         3    ####...
 Petrify                  Tmut/Erth      #.......     100%        4    #####..
 Summon Ice Beast         Ice/Summ       #.......     100%        4    #####..
 Summon Lightning Spire   Summ/Air       #.......     100%        4    #####..
 Metabolic Englaciation   Hex/Ice        #.........   100%        5    ######.
 Silence                  Hex/Air        #.........   100%        5    ######.
 Summon Forest            Summ/Tloc      #.........   100%        5    ######.
 Yara's Violent Unravell  Hex/Tmut       #.........   100%        5    ######.
 Conjure Ball Lightning   Conj/Air       #.........   100%        6    #######
 Deflect Missiles         Chrm/Air       #.........   100%        6    #######
 Tornado                  Air            #.........   100%        9    #######
 Regeneration             Chrm/Necr      Unusable     N/A         3    N/A

Dungeon Overview and Level Annotations

Branches:
Dungeon (10/15)            Temple (1/1) D:4            Lair (4/6) D:10
  Swamp (0/4) Lair:4        Snake (4/4) Lair:4       Bailey (visited)
    Orc: D:9-12

Altars:
Ashenzari
Cheibriados
Dithmenos
Elyvilon
Fedhas
Gozag
Hepliaklqana
Kikubaaqudgha
Makhleb
Nemelex Xobeh
Okawaru
Qazlal
Ru
Sif Muna
Trog
Uskayaw
Vehumet
Wu Jian
Xom
Yredelemnul
Zin
The Shining One

Shops:
D:8 }

Annotations:
Snake:4 7 exclusions


Innate Abilities, Weirdness & Mutations

You are resistant to damage.
You can heal yourself by infusing magical energy.
You resist negative energy. (rN+)
You passively map the area around you.
You do not regenerate.


Message History

Okay, then.
Unknown command.
Okay, then.
Unknown command.
A demon appears!
The shock serpent shoots out a bolt of lightning at you!
The bolt of electricity hits you!!
* * * LOW HITPOINT WARNING * * *
The bolt of electricity hits you!
* * * LOW HITPOINT WARNING * * *
You block the shock serpent's attack.
You feel much better.
The shock serpent bites you but does no damage.
The shock serpent shoots out a bolt of lightning at you!
The bolt of electricity hits you! The bolt of electricity hits you!!
* * * LOW HITPOINT WARNING * * *
A black mamba comes into view.
The shock serpent shoots out a bolt of lightning at you!
The bolt of electricity hits you!!
You die...

#.##,,#..*##..........#####
#..+,,#..##...............#
#..####.......<.####...<.##
###..............## ####.##
.................# #..#
.......####.....## ##.#
.......#,,####..# #.#
###....#,,,,,+..### ###*
#....#,,*+*#..@†#** ***,*
#....#,**,*#...S..#****,,,*
#....#,*,,*+....4.....,,***
#....#,**+*#..S.......,**
*,,,**,,,,,#.S....N...**
*,,,*,,,,,,#.........#*
*,,,**,,,,,#...###...#
*,,,,******#.S.#,*#..#******
*
*,,,,,,,,,,,,,,*,,+,,,**,,,**


You could see 2 shock serpents, a guardian serpent, a black mamba, a naga and a
friendly hellwing.

Vanquished Creatures
  Gastronok
  The ghost of Flugkiller the Cleaver, a journeyman OpEn of Qazlal
  3 hydras
  10 naga warriors
  A tengu warrior
  A naga sharpshooter
  2 shock serpents
  2 naga ritualists
  7 mana vipers
  7 elephants
  5 salamanders
  A guardian serpent
  4 naga magi
  10 black mambas
  A torpor snail
  5 spiny frogs
  A rime drake
  A komodo dragon
  5 tyrant leeches
  A troll
  A polar bear
  3 blink frogs Prince Ribbit
  3 hippogriffs Sigmund
  8 yaks
  A wyvern
  2 humans Grum
  A basilisk Menkaure
  4 swamp worms
  23 nagas
  A porcupine Duvessa
  7 water moccasins
  6 orc warriors
  A sky beast
  A black bear
  3 ice beasts
  A necrophage
  5 ogres
  4 wolves
  6 crocodiles
  4 centaurs Blork the orc
  8 gnoll sergeants
  13 bullfrogs Dowan
  2 scorpions
  17 killer bees
  8 wights
  5 howler monkeys
  4 electric eels
  3 crimson imps
  A bullfrog zombie
  A centaur zombie
  6 hounds
  A jelly
  3 bullfrog skeletons
  5 orc priests
  A centaur skeleton Crazy Yiuf
  6 gnoll shamans
  4 iguanas
  7 orc wizards
  6 worker ants
  21 gnolls
  10 adders
  3 shadow imps
  2 oozes
  An adder skeleton
  An adder zombie
  A worm
  3 dart slugs
  3 leopard geckos
  17 orcs
  2 ball pythons
  4 giant cockroaches
  A hobgoblin
  5 jackals
  5 quokkas
  5 bats
  3 frilled lizards
  4 goblins
  4 kobolds
  5 rats
  3 fungi
  2 plants
368 creatures vanquished.

Vanquished Creatures (collateral kills)
  Erolcha
  A naga sharpshooter
  A black mamba
  A swamp worm
  A naga
  A crocodile
  An orc wizard
  A fungus
8 creatures vanquished.

Vanquished Creatures (others)
  A centaur
  A fungus
  7 plants
9 creatures vanquished.

Grand Total: 385 creatures vanquished

Notes
Turn   | Place    | Note
-------+----------+-------------------------------------------
     0 | D:1      | GottaGoFast the Deep Dwarf Fighter began the quest for the
                  | Orb.
     0 | D:1      | Reached XP level 1. HP: 20/20 MP: 1/1
    53 | D:1      | Reached XP level 2. HP: 22/27 MP: 2/2
   215 | D:2      | Reached skill level 3 in Fighting
   215 | D:2      | Reached skill level 3 in Axes
   249 | D:2      | Reached XP level 3. HP: 28/34 MP: 3/3
   362 | D:2      | Found a shadowy altar of Dithmenos.
   371 | D:2      | Reached XP level 4. HP: 30/42 MP: 4/4
   694 | D:4      | Noticed an ogre
   702 | D:4      | Killed an ogre
   702 | D:4      | Reached skill level 4 in Axes
   702 | D:4      | Reached skill level 4 in Shields
   702 | D:4      | Reached XP level 5. HP: 49/49 MP: 5/5
   728 | D:4      | Found a glowing golden altar of the Shining One.
   957 | D:4      | Found a runed translucent door.
   958 | D:4      | Noticed Crazy Yiuf
  1024 | D:4      | Noticed Duvessa
  1024 | D:4      | Noticed Dowan
  1049 | D:4      | Killed Duvessa
  1049 | D:4      | Reached skill level 5 in Axes
  1049 | D:4      | Reached skill level 4 in Armour
  1049 | D:4      | Reached XP level 6. HP: 46/57 MP: 6/6
  1074 | D:4      | Killed Dowan
  1268 | D:4      | Reached skill level 4 in Fighting
  1305 | D:4      | Found a staircase to the Ecumenical Temple.
  1321 | Temple   | Entered the Ecumenical Temple
  1543 | Temple   | Became a worshipper of Makhleb the Destroyer
  1568 | D:4      | Noticed Sigmund
  1587 | D:4      | HP: 6/57 [poisoned by Sigmund]
  1591 | D:4      | Killed Sigmund
  1591 | D:4      | Reached skill level 6 in Axes
  1591 | D:4      | Reached skill level 5 in Shields
  1591 | D:4      | Reached XP level 7. HP: 31/64 MP: 6/6
  1647 | D:5      | Entered Level 5 of the Dungeon
  1862 | D:4      | Killed Crazy Yiuf
  1862 | D:4      | Reached skill level 5 in Armour
  1977 | D:5      | Reached skill level 7 in Axes
  1977 | D:5      | Reached XP level 8. HP: 53/73 MP: 6/6
  2078 | D:5      | Reached skill level 1 in Invocations
  2114 | D:5      | Reached * piety under Makhleb
  2231 | D:5      | Reached skill level 5 in Fighting
  2231 | D:5      | Reached skill level 6 in Shields
  2231 | D:5      | Reached skill level 2 in Invocations
  2482 | D:6      | Found a shimmering altar of Xom.
  2484 | D:6      | Noticed Blork the orc
  2498 | D:6      | HP: 9/74 [orc priest/divine providence (6)]
  2512 | D:6      | Reached skill level 8 in Axes
  2525 | D:6      | Killed Blork the orc
  2525 | D:6      | Reached skill level 3 in Invocations
  2551 | D:6      | Reached skill level 6 in Armour
  2568 | D:6      | Gained mutation: You passively map the area around you.
                  | [Deep Dwarf growth]
  2568 | D:6      | Reached XP level 9. HP: 42/81 MP: 6/6
  2604 | D:6      | Found a white marble altar of Elyvilon.
  3043 | D:6      | Found a stormy altar of Qazlal.
  3155 | D:7      | Reached ** piety under Makhleb
  3156 | D:7      | Reached skill level 4 in Invocations
  3256 | D:7      | Reached skill level 9 in Axes
  3309 | D:7      | Got a faintly glowing falchion
  3331 | D:7      | Reached skill level 7 in Shields
  3478 | D:7      | Noticed Menkaure
  3483 | D:7      | Killed Menkaure
  3533 | D:7      | Reached skill level 5 in Invocations
  3538 | D:7      | Reached skill level 6 in Fighting
  3593 | D:7      | Reached skill level 7 in Armour
  3893 | D:8      | Found Kiehilof's Gadget Shoppe.
  3964 | D:8      | Found a snail-covered altar of Cheibriados.
  4029 | D:8      | Found a blossoming altar of Fedhas.
  4031 | D:8      | Found a glowing silver altar of Zin.
  4233 | D:9      | Noticed Prince Ribbit
  4243 | D:9      | Reached XP level 10. HP: 84/91 MP: 6/6
  4253 | D:9      | Killed Prince Ribbit
  4253 | D:9      | Reached skill level 10 in Axes
  4293 | D:9      | Reached *** piety under Makhleb
  4406 | D:9      | Noticed Erolcha
  4508 | D:9      | Killed Erolcha
  4508 | D:9      | Reached skill level 6 in Invocations
  4610 | D:9      | Noticed Grum
  4622 | D:9      | Reached skill level 8 in Shields
  4672 | D:9      | Killed Grum
  4672 | D:9      | Reached skill level 8 in Armour
  4767 | D:10     | Entered Level 10 of the Dungeon
  4777 | D:10     | Reached skill level 11 in Axes
  4865 | D:10     | Noticed a tengu warrior
  4874 | D:10     | Killed a tengu warrior
  4874 | D:10     | Reached skill level 7 in Fighting
  4874 | D:10     | Reached skill level 7 in Invocations
  5008 | D:10     | Reached XP level 11. HP: 84/100 MP: 8/8
  5014 | D:10     | Found an iron altar of Okawaru.
  5095 | D:10     | Found a flagged portal.
  5124 | D:10     | Reached **** piety under Makhleb
  5128 | Bailey   | Entered a bailey
  5316 | Bailey   | Got a pitted leather armour
  5872 | D:10     | Found a staircase to the Lair.
  5916 | D:10     | Reached ***** piety under Makhleb
  6159 | Lair:1   | Entered Level 1 of the Lair of Beasts
  6199 | Lair:1   | Reached skill level 9 in Armour
  6199 | Lair:1   | Reached skill level 8 in Invocations
  6205 | Lair:1   | Reached skill level 9 in Shields
  6386 | Lair:2   | Reached skill level 12 in Axes
  6675 | Lair:2   | Noticed Gastronok
  6692 | Lair:2   | Killed Gastronok
  7229 | Lair:3   | Reached skill level 10 in Armour
  7237 | Lair:3   | Found a runed translucent gate.
  7237 | Lair:3   | Found a runed translucent gate.
  7237 | Lair:3   | Found a runed translucent gate.
  7238 | Lair:3   | Noticed Flugkiller's ghost (journeyman OpEn)
  7238 | Lair:3   | Noticed a 12-headed hydra
  7238 | Lair:3   | Noticed a 12-headed hydra
  7293 | Lair:3   | Got an ivory scimitar
  7384 | Lair:3   | Reached skill level 9 in Invocations
  7384 | Lair:3   | Reached XP level 12. HP: 110/110 MP: 10/10
  7405 | Lair:3   | Reached skill level 8 in Fighting
  7787 | Lair:3   | Killed a 12-headed hydra
  7789 | Lair:3   | Killed a 12-headed hydra
  7789 | Lair:3   | Killed Flugkiller's ghost
  7813 | Lair:3   | Got an encrusted broad axe
  7814 | Lair:3   | Identified the +3 broad axe "Dojappy" {elec, rPois} (You
                  | found it on level 3 of the Lair of Beasts)
  7940 | Lair:3   | Reached skill level 13 in Axes
  7949 | Lair:3   | Reached skill level 10 in Shields
  8465 | Lair:4   | Found a staircase to the Snake Pit.
  8483 | Lair:4   | Identified the Tome of Calling and Good Luck
  8529 | Lair:4   | Reached skill level 11 in Armour
  8856 | Lair:4   | Found a staircase to the Swamp.
  8857 | Lair:4   | Noticed a six-headed hydra
  8877 | Lair:4   | Killed an eight-headed hydra
  8877 | Lair:4   | Reached skill level 10 in Invocations
  9091 | Lair:4   | Got a slimy war axe
  9258 | Lair:4   | Identified the cursed +3 war axe of the Pariah {chop, *Rage
                  | rPois Str+9 Dex-4} (You found it on level 4 of the Lair of
                  | Beasts)
  9311 | Snake:1  | Entered Level 1 of the Snake Pit
  9340 | Snake:1  | Noticed a naga warrior
  9355 | Snake:1  | Killed a naga warrior
  9604 | Snake:2  | Noticed a naga warrior
  9604 | Snake:2  | Noticed a naga warrior
  9605 | Snake:2  | Noticed a naga warrior
  9614 | Snake:2  | Reached XP level 13. HP: 62/120 MP: 12/12
  9654 | Snake:2  | Reached skill level 14 in Axes
  9654 | Snake:2  | Reached skill level 12 in Armour
  9674 | Snake:2  | Reached skill level 9 in Fighting
  9961 | Snake:3  | Reached skill level 11 in Shields
  9961 | Snake:3  | Reached skill level 11 in Invocations
 10027 | Snake:4  | Entered Level 4 of the Snake Pit
 10219 | Snake:4  | Reached skill level 13 in Armour
 10322 | Snake:4  | Gained mutation: You resist negative energy. (rN+) [Deep
                  | Dwarf growth]
 10322 | Snake:4  | Reached XP level 14. HP: 114/129 MP: 13/13
 10353 | Snake:4  | HP: 4/129 [shock serpent/bolt of electricity (27)]
 10365 | Snake:4  | HP: 11/129 [shock serpent/bolt of electricity (26)]
 10365 | Snake:4  | HP: 4/129 [shock serpent/bolt of electricity (7)]
 10366 | Snake:4  | Killed from afar by a shock serpent

Levels and vault maps discovered:
D:1:      scummos_arrival_star, layout_rooms, minivault_23,
          chequers_serial_rivers_micro_a
D:2:      minmay_recursive_quarters, layout_loops_ring,
          grunt_dithmenos_smoke_and_mirrors, first_ration,
          minmay_split_cup_large
D:3:      layout_basic, minmay_hedge_maze, minmay_pentomino_pile
D:4:      layout_loops_corners, tso_oasis_becter,
          minmay_temple_entry_sparse_star, uniq_crazy_yiuf_cottage,
          uniq_duvessa, uniq_sigmund
D:5:      layout_cave_pools
D:6:      layout_loops_cross, kennysheep_mini_moat, kennysheep_mini,
          nicolae_overflow_crystal_walls, uniq_blork_the_orc
D:7:      minmay_angry_zag, layout_rooms, uniq_menkaure
D:8:      layout_basic, lemuel_crystal_altar, grunt_temple_overflow_open,
          serial_shops, nicolae_shop_temple_entry_statues_fountains
D:9:      layout_rooms, uniq_grum, uniq_prince_ribbit1, uniq_erolcha
D:10:     layout_basic, david_lair_generic, enter_bailey_2, grunt_tengu_nest,
          okawaru_humans
Temple:   dpeg_chambers_temple
Lair:1:   layout_cave_pods
Lair:2:   layout_small_grid, serial_bayou, serial_bayou_crossing,
          serial_bayou_lagoon_b, serial_bayou_pond_e, serial_bayou_pond_a,
          serial_bayou_pond_a, patterned_corridor, uniq_gastronok
Lair:3:   layout_cave_pods, gammafunk_ghost_hydra_chop,
          chequers_serial_rivers_micro_e, serial_bayou_shore_b,
          grunt_megastairs_2, serial_bayou_shore_b, lemuel_fruit_tree
Lair:4:   layout_regular_city, minmay_swamp_entry_reptiles, dummy_snake_entry,
          worms_lemuel
Snake:1:  layout_gridlike
Snake:2:  layout_misc_corridors, minmay_shop_grove, serial_bayou_shore_b,
          serial_bayou_shore_a
Snake:3:  layout_misc_corridors
Snake:4:  minmay_snake_end_coiled, layout_cave_town, drop_trap

Skill      XL: |  1  2  3  4  5  6  7  8  9 10 11 12 13 |
---------------+----------------------------------------+-----
Fighting       | 3 4 5 6 7 8 9 |  9.6
Axes           | 3 4 5 6 7 8 9 11 12 13 14 | 14.9
Shields        | 4 5 6 7 8 9 10 11 | 11.3
Armour         | 4 5 6 7 8 10 11 13 | 13.0
Invocations    | 3 5 7 9 10 11 | 11.5

Action                   |  1- 3 |  4- 6 |  7- 9 | 10-12 | 13-15 || total
-------------------------+-------+-------+-------+-------+-------++-------
Melee: War axe           |    83 |   126 |   448 |   575 |       ||  1232
       Broad axe         |       |       |       |   158 |   248 ||   406
Throw: Throwing net      |       |       |       |       |     1 ||     1
Invok: Lesser Servant of |       |       |       |     8 |     1 ||     9
 Abil: Heal Wounds       |       |     5 |    15 |     5 |    12 ||    37
Evoke: Wand              |       |       |       |     7 |     4 ||    11
       Phantom mirror    |       |       |       |     1 |       ||     1
  Use: Scroll            |       |     6 |     3 |    11 |     4 ||    24
       Potion            |       |     2 |       |     2 |     1 ||     5
 Stab: Held in net/web   |       |       |       |     1 |       ||     1
       Distracted        |       |       |       |     2 |       ||     2
  Eat: Chunk             |       |     2 |    10 |    17 |     1 ||    30
       Ration            |       |       |       |       |     1 ||     1
Armor: Scale mail        |    56 |     8 |       |       |       ||    64
       Plate armour      |       |    40 |   250 |   166 |       ||   456
       Crystal plate arm |       |       |       |   278 |   180 ||   458
Dodge: Dodged            |    34 |    21 |    77 |   165 |    46 ||   343
Block: Shield            |    62 |    65 |   258 |   690 |   311 ||  1386
       Reflection        |       |       |       |    18 |    44 ||    62

Table legend:
 A = Non-vault XP
 B = Vault XP
 C = Vault XP percentage of total XP
 D = Non-vault monster count
 E = Vault monster count
 F = Vault count percentage of total count
                 A         B        C        D         E       F
            +---------+---------+-------+---------+---------+-------
      Total |   46218 |   19236 |  29.4 |     280 |      91 |  24.5
            +---------+---------+-------+---------+---------+-------
        D:1 |      19 |       0 |   0.0 |      13 |       0 |   0.0
        D:2 |      61 |      19 |  23.8 |       9 |       5 |  35.7
        D:3 |      10 |       6 |  37.5 |       4 |       4 |  50.0
        D:4 |     557 |     486 |  46.6 |      18 |       4 |  18.2
        D:5 |     876 |       0 |   0.0 |      20 |       0 |   0.0
        D:6 |    1175 |      94 |   7.4 |      25 |       1 |   3.8
        D:7 |    1241 |     310 |  20.0 |      26 |       4 |  13.3
        D:8 |     527 |       0 |   0.0 |       6 |       0 |   0.0
        D:9 |    1985 |    1685 |  45.9 |      27 |       7 |  20.6
       D:10 |    1857 |    2256 |  54.9 |      27 |       7 |  20.6
     Lair:1 |    1366 |       0 |   0.0 |       7 |       0 |   0.0
     Lair:2 |    3126 |    1865 |  37.4 |      19 |       1 |   5.0
     Lair:3 |    5206 |    3739 |  41.8 |      15 |       5 |  25.0
     Lair:4 |     836 |    3464 |  80.6 |       4 |      15 |  78.9
    Snake:1 |    3737 |       0 |   0.0 |       8 |       0 |   0.0
    Snake:2 |   10458 |       0 |   0.0 |      23 |       0 |   0.0
    Snake:3 |    4438 |       0 |   0.0 |       9 |       0 |   0.0
    Snake:4 |    8743 |    4145 |  32.2 |      20 |       8 |  28.6
     Bailey |       0 |    1167 | 100.0 |       0 |      30 | 100.0
            +---------+---------+-------+---------+---------+-------
